3AAA
FLORIDA MEN @ BRINKLEY BELUGAS
06/24/2032
 
TOP OF THE 1ST
Florida Men batting - Pitching for Brinkley Belugas : RHP Luis Hernández
Pitching: RHP Luis Hernández
Batting: RHB Todd Sentell 0-0: Called Strike
0-1: Fly out, F6 (Popup, P)
Batting: RHB Kyle Vandenbrink 0-0: Fly out, F7 (Flyball, 78XD)
Batting: LHB Jim Halpert 0-0: Called Strike
0-1: Swinging Strike
0-2: Strikes out swinging
Top of the 1st over - 0 runs, 0 hits, 0 errors, 0 left on base; Florida 0 - Brinkley 0
BOTTOM OF THE 1ST
Brinkley Belugas batting - Pitching for Florida Men : RHP Arturo Guerrero
Pitching: RHP Arturo Guerrero
Batting: LHB Arana Sashi 0-0: Ball
1-0: Ball
2-0: SINGLE (Flyball, 89S)
Batting: RHB Apu Nahasapeemapetilon 0-0: Ball
1-0: Called Strike
1-1: Ball
2-1: Called Strike
2-2: Fly out, F7 (Flyball, 7LS)
Batting: RHB Luis Yander La O 0-0: Foul Ball, location: 2F
0-1: Ball
1-1: Called Strike
1-2: Foul Ball, location: 2F
1-2: Grounds into double play, 4-6-3 (Groundball, 4)
Bottom of the 1st over - 0 runs, 1 hit, 0 errors, 0 left on base; Florida 0 - Brinkley 0
TOP OF THE 2ND
Florida Men batting - Pitching for Brinkley Belugas : RHP Luis Hernández
Batting: RHB Jorge Díaz 0-0: Ball
1-0: SINGLE (Flyball, 78S)
Batting: RHB Warner Robinson 0-0: Ball
Jorge Díaz steals 2nd base
1-0: Ball
2-0: Called Strike
2-1: Foul Ball, location: 2F
2-2: DOUBLE (Flyball, 78D)
Jorge Díaz scores
Batting: RHB Manny Maltby 0-0: Ball
1-0: Ball
2-0: Ball
3-0: Base on Balls
Batting: RHB Ricardo Cardenas 0-0: Foul Ball, location: 2F
0-1: Foul Ball, location: 2F
0-2: Ball
1-2: Ball
2-2: Fly out, F7 (Flyball, 7S)
Batting: RHB Juan Tapia 0-0: Called Strike
0-1: Reached on error, E6 (Groundball, 6)
Warner Robinson to third
Manny Maltby to second
Batting: SHB Tim Fowler 0-0: Grounds into double play, U5-3 (Groundball, 5L)
Top of the 2nd over - 1 run, 2 hits, 1 error, 2 left on base; Florida 1 - Brinkley 0
BOTTOM OF THE 2ND
Brinkley Belugas batting - Pitching for Florida Men : RHP Arturo Guerrero
Batting: SHB Takashi Noda 0-0: Ball
1-0: Fly out, F7 (Line Drive, 7)
Batting: RHB Felix Plugge 0-0: Called Strike
0-1: Called Strike
0-2: Foul Ball, location: 2F
0-2: Ball
1-2: Ball
2-2: Ball
3-2: Ground out 4-3 (Groundball, 4)
Batting: RHB Rubén Campos 0-0: Called Strike
0-1: Foul Ball, location: 2F
0-2: Foul Ball, location: 2F
0-2: Ball
1-2: Foul Ball, location: 2F
1-2: Ball
2-2: Strikes out looking
Bottom of the 2nd over - 0 runs, 0 hits, 0 errors, 0 left on base; Florida 1 - Brinkley 0
TOP OF THE 3RD
Florida Men batting - Pitching for Brinkley Belugas : RHP Luis Hernández
Batting: RHB Todd Sentell 0-0: Swinging Strike
0-1: Swinging Strike
0-2: TRIPLE (Flyball, 78XD)
Batting: RHB Kyle Vandenbrink 0-0: Foul Ball, location: 2F
0-1: Foul Ball, location: 2F
0-2: Foul Ball, location: 2F
0-2: Strikes out swinging
Batting: LHB Jim Halpert 0-0: Fly out, F7 (Flyball, 7S)
Batting: RHB Jorge Díaz 0-0: Ball
1-0: Fly out, F8 (Flyball, 8RM)
Top of the 3rd over - 0 runs, 1 hit, 0 errors, 1 left on base; Florida 1 - Brinkley 0
BOTTOM OF THE 3RD
Brinkley Belugas batting - Pitching for Florida Men : RHP Arturo Guerrero
Batting: RHB Martín Alejadre 0-0: Ball
1-0: Foul Ball, location: 2F
1-1: Ground out U3 (Groundball, 3)
Batting: RHB Oscar Gandarilla 0-0: Ball
1-0: Ball
2-0: Called Strike
2-1: Foul Ball, location: 2F
2-2: SINGLE (Line Drive, 6MD)
Batting: RHB Jorge Durán 0-0: Foul Ball, location: 2F
0-1: Called Strike
0-2: Ball
1-2: Ball
2-2: Strikes out swinging
Batting: LHB Arana Sashi 0-0: Called Strike
0-1: Ground out U3 (Groundball, 3S)
Bottom of the 3rd over - 0 runs, 1 hit, 0 errors, 1 left on base; Florida 1 - Brinkley 0
TOP OF THE 4TH
Florida Men batting - Pitching for Brinkley Belugas : RHP Luis Hernández
Batting: RHB Warner Robinson 0-0: Ball
1-0: DOUBLE (Groundball, 5L)
Batting: RHB Manny Maltby 0-0: Ground out 6-3 (Groundball, 56)
Batting: RHB Ricardo Cardenas 0-0: Foul Ball, location: 2F
0-1: Ball
1-1: Ball
2-1: Fly out, F7 (Flyball, 7LMF)
Batting: RHB Juan Tapia 0-0: Called Strike
0-1: Swinging Strike
0-2: Ball
1-2: Strikes out swinging
Top of the 4th over - 0 runs, 1 hit, 0 errors, 1 left on base; Florida 1 - Brinkley 0
BOTTOM OF THE 4TH
Brinkley Belugas batting - Pitching for Florida Men : RHP Arturo Guerrero
Batting: RHB Apu Nahasapeemapetilon 0-0: Swinging Strike
0-1: Foul Ball, location: 2F
0-2: Strikes out swinging
Batting: RHB Luis Yander La O 0-0: Ball
1-0: Called Strike
1-1: Ball
2-1: Fly out, F8 (Flyball, 8RD)
Batting: SHB Takashi Noda 0-0: Called Strike
0-1: Ball
1-1: Ball
2-1: Called Strike
2-2: Foul Ball, location: 2F
2-2: Ball
3-2: Foul Ball, location: 2F
3-2: SINGLE (Line Drive, 6MD)
Batting: RHB Felix Plugge 0-0: Ball
1-0: Ball
2-0: Called Strike
2-1: Foul Ball, location: 2F
2-2: Foul Ball, location: 2F
Balk!
Takashi Noda to second
2-2: SINGLE (Groundball, 6D)
Takashi Noda to third
Runner from 3rd tries for Home, SAFE, no throw
Batting: RHB Rubén Campos 0-0: Ball
1-0: Ball
2-0: Foul Ball, location: 2F
2-1: Fielders Choice at 2nd, 6-4 (Groundball, 6)
Bottom of the 4th over - 1 run, 2 hits, 0 errors, 1 left on base; Florida 1 - Brinkley 1
TOP OF THE 5TH
Florida Men batting - Pitching for Brinkley Belugas : RHP Luis Hernández
Batting: SHB Tim Fowler 0-0: Called Strike
0-1: Swinging Strike
0-2: Strikes out swinging
Batting: RHB Todd Sentell 0-0: Ground out 4-3 (Groundball, 4)
Batting: RHB Kyle Vandenbrink 0-0: Ball
1-0: Foul Ball, location: 2F
1-1: Called Strike
1-2: Fly out, F6 (Popup, 56D)
Top of the 5th over - 0 runs, 0 hits, 0 errors, 0 left on base; Florida 1 - Brinkley 1
BOTTOM OF THE 5TH
Brinkley Belugas batting - Pitching for Florida Men : RHP Arturo Guerrero
Batting: RHB Martín Alejadre 0-0: Called Strike
0-1: Fly out, F9 (Line Drive, 89D)
Batting: RHB Oscar Gandarilla 0-0: Ball
1-0: Ball
2-0: Called Strike
2-1: Ball
3-1: Foul Ball, location: 2F
3-2: Ground out 6-3 (Groundball, 6)
Batting: RHB Jorge Durán 0-0: Called Strike
0-1: Ball
1-1: Foul Ball, location: 2F
1-2: SINGLE (Popup, 6D)
Batting: LHB Arana Sashi 0-0: Foul Ball, location: 2F
0-1: Ball
1-1: Called Strike
1-2: Foul Ball, location: 2F
1-2: Ground out U3 (Groundball, 3S)
Bottom of the 5th over - 0 runs, 1 hit, 0 errors, 1 left on base; Florida 1 - Brinkley 1
TOP OF THE 6TH
Florida Men batting - Pitching for Brinkley Belugas : RHP Luis Hernández
Batting: LHB Jim Halpert 0-0: Ball
1-0: Called Strike
1-1: Ball
2-1: Ground out U3 (Groundball, 3L)
Batting: RHB Jorge Díaz 0-0: Ball
1-0: Ground out 6-3 (Groundball, 6)
Batting: RHB Warner Robinson 0-0: Ball
1-0: Ball
2-0: Called Strike
2-1: Ball
3-1: Base on Balls
Batting: RHB Manny Maltby 0-0: Ball
1-0: Ball
2-0: Fly out, F8 (Flyball, 8RM)
Top of the 6th over - 0 runs, 0 hits, 0 errors, 1 left on base; Florida 1 - Brinkley 1
BOTTOM OF THE 6TH
Brinkley Belugas batting - Pitching for Florida Men : RHP Arturo Guerrero
Batting: RHB Apu Nahasapeemapetilon 0-0: Ball
1-0: Ball
2-0: Ball
3-0: Called Strike
3-1: Base on Balls
Pitching: RHP Drake Riley
Batting: RHB Luis Yander La O 0-0: Fly out, F7 (Line Drive, 7)
Batting: SHB Takashi Noda 0-0: Ball
1-0: Called Strike
1-1: Foul Ball, location: 2F
1-2: Foul Ball, location: 2F
1-2: Ball
2-2: Strikes out swinging
Batting: RHB Felix Plugge 0-0: Called Strike
0-1: Swinging Strike
0-2: Strikes out swinging
Bottom of the 6th over - 0 runs, 0 hits, 0 errors, 1 left on base; Florida 1 - Brinkley 1
TOP OF THE 7TH
Florida Men batting - Pitching for Brinkley Belugas : RHP Luis Hernández
Batting: RHB Ricardo Cardenas 0-0: Ball
1-0: Ball
2-0: Ball
3-0: Called Strike
3-1: Foul Ball, location: 2F
3-2: Foul Ball, location: 2F
3-2: SINGLE (Groundball, 5D)
Batting: RHB Juan Tapia 0-0: Swinging Strike
0-1: Ball
1-1: Called Strike
1-2: Ground out 6-3 (Groundball, 6MS)
Ricardo Cardenas to second
Batting: SHB Tim Fowler 0-0: Ball
1-0: Called Strike
Ricardo Cardenas steals 3rd base
1-1: Swinging Strike
1-2: Foul Ball, location: 2F
1-2: Strikes out swinging, 2-3 out at first.
Batting: RHB Todd Sentell 0-0: Foul Ball, location: 2F
0-1: 2-RUN HOME RUN (Flyball, 7D), Distance : 391 ft
Batting: RHB Kyle Vandenbrink 0-0: Ball
1-0: Swinging Strike
1-1: Fly out, F3 (Popup, 34)
Top of the 7th over - 2 runs, 2 hits, 0 errors, 0 left on base; Florida 3 - Brinkley 1
BOTTOM OF THE 7TH
Brinkley Belugas batting - Pitching for Florida Men : RHP Drake Riley
Batting: RHB Rubén Campos 0-0: Ball
1-0: Called Strike
1-1: Fly out, F7 (Flyball, 78S)
Batting: RHB Martín Alejadre 0-0: Ball
1-0: Fly out, F8 (Flyball, 8RS)
Batting: RHB Oscar Gandarilla 0-0: Called Strike
0-1: Ground out 2-3 (Groundball, 2L)
Bottom of the 7th over - 0 runs, 0 hits, 0 errors, 0 left on base; Florida 3 - Brinkley 1
TOP OF THE 8TH
Florida Men batting - Pitching for Brinkley Belugas : RHP Luis Hernández
Batting: LHB Jim Halpert 0-0: Foul Ball, location: 2F
0-1: Fly out, F7 (Flyball, 7)
Batting: RHB Jorge Díaz 0-0: Swinging Strike
0-1: Swinging Strike
0-2: Strikes out looking
Batting: RHB Warner Robinson 0-0: Called Strike
0-1: Foul Ball, location: 2F
0-2: Ball
1-2: Ball
2-2: Foul Ball, location: 2F
2-2: Ball
3-2: Foul Ball, location: 2F
3-2: Ground out 3-1 (Groundball, 34S)
Top of the 8th over - 0 runs, 0 hits, 0 errors, 0 left on base; Florida 3 - Brinkley 1
BOTTOM OF THE 8TH
Brinkley Belugas batting - Pitching for Florida Men : RHP Drake Riley
Batting: RHB Jorge Durán 0-0: Ball
1-0: Called Strike
1-1: Foul Ball, location: 2F
1-2: Foul Ball, location: 2F
1-2: Foul Ball, location: 2F
1-2: Foul Ball, location: 2F
1-2: SINGLE (Flyball, 9LS)
Batting: LHB Arana Sashi 0-0: Called Strike
0-1: Ball
1-1: Foul Ball, location: 2F
1-2: Strikes out swinging
Batting: RHB Apu Nahasapeemapetilon 0-0: Ball
1-0: Swinging Strike
1-1: Ball
2-1: Ball
3-1: Foul Ball, location: 2F
3-2: Strikes out swinging
Batting: RHB Luis Yander La O 0-0: SINGLE (Line Drive, 6) (infield hit)
Jorge Durán to second
Batting: SHB Takashi Noda 0-0: Swinging Strike
0-1: Ball
1-1: Ball
2-1: Ball
3-1: Base on Balls
Jorge Durán to third
Luis Yander La O to second
Batting: RHB Felix Plugge 0-0: Ball
1-0: Foul Ball, location: 2F
1-1: Foul Ball, location: 2F
1-2: Ball
2-2: Ball
3-2: Fly out, F6 (Line Drive, 6D)
Bottom of the 8th over - 0 runs, 2 hits, 0 errors, 3 left on base; Florida 3 - Brinkley 1
TOP OF THE 9TH
Florida Men batting - Pitching for Brinkley Belugas : RHP Luis Hernández
Pitching: RHP Carlos Rosales
Batting: RHB Manny Maltby 0-0: Swinging Strike
0-1: Ball
1-1: Foul Ball, location: 2F
1-2: Ball
2-2: Strikes out swinging
Batting: RHB Ricardo Cardenas 0-0: Ground out 6-3 (Groundball, 6)
Batting: RHB Juan Tapia 0-0: Foul Ball, location: 2F
0-1: SINGLE (Flyball, 7S)
Batting: SHB Tim Fowler 0-0: Called Strike
0-1: Foul Ball, location: 2F
0-2: Foul Ball, location: 2F
0-2: Ball
1-2: SINGLE (Groundball, 4MD)
Juan Tapia to second
Batting: RHB Todd Sentell 0-0: Called Strike
0-1: Swinging Strike
0-2: SINGLE (Line Drive, 6M)
Juan Tapia to third
Tim Fowler to second
Runner from 3rd tries for Home, SAFE, throw made home
Batting: RHB Kyle Vandenbrink 0-0: Ball
1-0: Ball
2-0: Called Strike
2-1: Ball
3-1: Foul Ball, location: 2F
3-2: Base on Balls
Tim Fowler to third
Todd Sentell to second
Batting: LHB Jim Halpert 0-0: Ball
1-0: Swinging Strike
1-1: Ground out U3 (Groundball, 3)
Top of the 9th over - 1 run, 3 hits, 0 errors, 3 left on base; Florida 4 - Brinkley 1
BOTTOM OF THE 9TH
Brinkley Belugas batting - Pitching for Florida Men : RHP Drake Riley
Pitching: LHP Tyler Lund
Batting: RHB Rubén Campos 0-0: Ground out 4-3 (Groundball, 4)
Batting: RHB Martín Alejadre 0-0: Foul Ball, location: 2F
0-1: Foul Ball, location: 2F
0-2: Fly out, F9 (Flyball, 89D)
Batting: RHB Oscar Gandarilla 0-0: Ball
1-0: Ball
2-0: Ball
3-0: Called Strike
3-1: Base on Balls
Batting: RHB Jorge Durán 0-0: Ball
1-0: Foul Ball, location: 2F
1-1: Called Strike
1-2: SINGLE (Groundball, 13S) (infield hit)
Oscar Gandarilla to second
Pinch Hitting: RHB Juan Báez 0-0: SINGLE (Line Drive, 6D)
Oscar Gandarilla to third
Jorge Durán to second
Batting: RHB Apu Nahasapeemapetilon 0-0: Ball
1-0: Ball
2-0: Called Strike
2-1: Ball
3-1: Foul Ball, location: 2F
3-2: Foul Ball, location: 2F
3-2: Foul Ball, location: 2F
3-2: Foul Ball, location: 2F
3-2: Fly out, F7 (Line Drive, 7S)
Bottom of the 9th over - 0 runs, 2 hits, 0 errors, 3 left on base; Florida 4 - Brinkley 1
Wednesday, September 19th, 2018 - OOTP Baseball 18.8 Build 76